 Dungeon Crawl Stone Soup version 0.29.1-1-gd02db69 (webtiles) character file.

Game seed: 9086953724266731553

69 Rodyland the Cudgeller (level 4, -7/40 HPs)
             Began as a Minotaur Berserker on Mar 10, 2023.
             Was a Believer of Trog.
             Mangled by Grinder (8 damage)
             ... on level 3 of the Dungeon.
             The game lasted 00:07:55 (1742 turns).

Rodyland the Cudgeller (Minotaur Berserker)         Turns: 1742, Time: 00:07:55

Health: -7/40      AC:  4    Str: 23    XL:     4   Next: 2%
Magic:  3/3        EV: 12    Int:  4    God:    Trog [**....]
Gold:   139        SH:  0    Dex: 10    Spells: 3/3 levels left

rFire   . . .      SeeInvis .   a - +0 mace
rCold   . . .      Faith    .   (no shield)
rNeg    . . .      Spirit   .   b - +0 animal skin
rPois   .          Reflect  .   (helmet restricted)
rElec   .          Harm     .   n - +0 cloak
rCorr   .          Rampage  .   (no gloves)
Will    .....                   i - +0 pair of boots
Stlth   +.........              (no amulet)
HPRegen 0.13/turn               (no ring)
MPRegen 0.08/turn               (no ring)

@: no status effects
A: horns 2, retaliatory headbutt
a: Renounce Religion, Berserk, Trog's Hand


You were on level 3 of the Dungeon.
You worshipped Trog.
Trog was pleased with you.
You visited 1 branch of the dungeon, and saw 3 of its levels.

You collected 139 gold pieces.

Inventory:

Hand Weapons
 a - a +0 mace (weapon)
Armour
 b - a +0 animal skin (worn)
 i - a +0 pair of boots (worn)
 n - a +0 cloak (worn)
Scrolls
 c - 3 scrolls of teleportation {unknown}
 e - a scroll of identify {unknown}
 g - 2 scrolls of butterflies {unknown}
 h - a scroll of immolation {unknown}
 k - a scroll of noise {unknown}
 o - a scroll of blinking {unknown}
Potions
 d - 2 potions of degeneration {unknown}
 f - a potion of invisibility {unknown}
 j - a potion of heal wounds {unknown}
 m - a potion of curing {unknown}


   Skills:
 + Level 4.2 Fighting
 * Level 4.6 Maces & Flails
 + Level 1.0 Ranged Weapons
 + Level 3.0 Armour
 + Level 2.6 Dodging


You had 3 spell levels left.
You didn't know any spells.
Your spell library contained the following spells:

 Spells                   Type           Power      Damage    Failure   Level
 Gell's Gravitas          Tloc           0%         N/A       86%         3
 Teleport Other           Tloc           0%         N/A       86%         3
 Dispersal                Tloc           0%         N/A       100%        6


Dungeon Overview and Level Annotations

Branches:
Dungeon (3/15)

Altars:

Annotations:
D:3 Grinder


Innate Abilities, Weirdness & Mutations

You have a pair of horns on your head.
You reflexively headbutt those who attack you in melee.


Message History

Things that are here:
a +0 dagger; a goblin skeleton Grinder says, "There's only one good use for a tongue: cutting it out."
Grinder closely misses you.
You hit Grinder. Your headbutt misses Grinder.
Grinder is lightly wounded.
Grinder hits you.
You writhe in agony.
Grinder misses you.
You closely miss Grinder.
Grinder is lightly wounded.
Grinder closely misses you.
You closely miss Grinder.
Grinder is lightly wounded.
Grinder hits you.
You sock Grinder!
Grinder is moderately wounded.
Grinder hits you.
You writhe in agony.
You hit Grinder.
Grinder is moderately wounded.
Grinder blinks!
Grinder gestures at you.
You suddenly lose the ability to move!
Grinder gestures at you. Pain shoots through your body!
Grinder hits you but does no damage.
You can move again.
You closely miss Grinder.
Grinder is moderately wounded.
Grinder hits you!
* * * LOW HITPOINT WARNING * * *
Grinder barely misses you. You furiously retaliate!
You headbutt Grinder! You barely miss Grinder.
Grinder is severely wounded.
Grinder hits you.
* * * LOW HITPOINT WARNING * * *
You writhe in agony.
* * * LOW HITPOINT WARNING * * *
Things that are here:
a +0 dagger; a goblin skeleton Grinder hits you!
You die...

..(.....................
........................
........................
#......................
#......................
#.............)........
#......................
#.............5÷.......
...............)@..?....
...............÷).......
........................
.....................$.
.....>...........(.....
.................(....
.....................
............<.....


You could see Grinder.

Vanquished Creatures
  An adder (D:3)
  2 worms (D:2)
  6 ball pythons
  A bat (D:2)
  6 endoplasms
  4 giant cockroaches
  6 goblins
  2 hobgoblins (D:2)
  2 jackals (D:1)
  2 quokkas
  4 frilled lizards
  6 kobolds
  6 rats
48 creatures vanquished.

Vanquished Creatures (others)
  2 plants (D:3)
2 creatures vanquished.

Grand Total: 50 creatures vanquished

Notes
Turn   | Place    | Note
-------+----------+-------------------------------------------
     0 | D:1      | Rodyland the Minotaur Berserker began the quest for the
                  | Orb.
     0 | D:1      | Reached XP level 1. HP: 19/19 MP: 0/0
   380 | D:1      | Reached XP level 2. HP: 21/27 MP: 1/1
   481 | D:1      | Found a faded altar of an unknown god.
  1030 | D:2      | Reached XP level 3. HP: 31/33 MP: 2/2
  1493 | D:3      | Reached ** piety under Trog
  1502 | D:3      | Reached skill level 1 in Ranged Weapons
  1578 | D:3      | Noticed Grinder
  1581 | D:3      | Paralysed by Grinder for 2 turns
  1592 | D:3      | Reached XP level 4. HP: 22/40 MP: 3/3
  1736 | D:3      | Paralysed by Grinder for 3 turns
  1740 | D:3      | HP: 1/40 [Grinder (2)]
  1742 | D:3      | Mangled by Grinder

Illustrated notes

Levels and vault maps discovered:
D:1:      enne_arrival_octagon_isle, layout_rooms,
          hellmonk_ecumenical_altar_heavens_door
D:2:      layout_rooms
D:3:      wad_woods_tower, layout_basic, mainiacjoe_overflow_alcove_1,
          corexii_item_surrounded_by_moat, chequers_serial_rivers_small_3,
          uniq_grinder

Skill      XL: |  1  2  3 |
---------------+----------+-----
Maces & Flails | 4 |  4.6
Fighting       | 4 |  4.2
Armour         | 3 |  3.0
Ranged Weapons | 1 |  1.0
Dodging        | |  2.6

Action                   |  1- 3 |  4- 6 || total
-------------------------+-------+-------++-------
Melee: Mace              |    98 |     8 ||   106
       Headbutt          |    11 |       ||    11
Throw: Stone             |    33 |       ||    33
       Dart              |     9 |       ||     9
Invok: Berserk           |     1 |       ||     1
Armor: Animal skin       |    27 |     1 ||    28
Dodge: Dodged            |    57 |     4 ||    61
